 Dungeon Crawl Stone Soup version 0.28.0-1-gb440e238dd (webtiles) character file.

Game seed: 8948118695266819037

331 spaghetti the Skirmisher (level 6, -1/51 HPs)
             Began as a Mummy Artificer on Feb 20, 2022.
             Slain by an orc (11 damage)
             ... on level 4 of the Dungeon.
             The game lasted 00:12:04 (6951 turns).

spaghetti the Skirmisher (Mummy Artificer)          Turns: 6951, Time: 00:12:05

Health: -1/51      AC:  4    Str: 17    XL:     6   Next: 26%
Magic:  6/6        EV: 11    Int: 10    God:
Gold:   139        SH:  0    Dex: 19    Spells: 3/5 levels left

rFire   . . .      SeeInvis .   b - +0 hunting sling
rCold   + . .      Faith    .   (no shield)
rNeg    + + +      Spirit   .   f - +0 leather armour
rPois   ∞          Reflect  .   l - +0 helmet
rElec   .          Harm     .   (no cloak)
rCorr   .          Rampage  .   (no gloves)
Will    .....                   (no boots)
Stlth   ++........              (no amulet)
HPRegen 0.17/turn               k - +6 ring of dexterity
MPRegen 0.10/turn               h - ring of protection from fire

@: no status effects
A: cold resistance 1, negative energy resistance 3, torment resistance 2, heat
vulnerability 1, no potions
a: no special abilities


You were on level 4 of the Dungeon.
You visited 1 branch of the dungeon, and saw 5 of its levels.

You collected 139 gold pieces.

Inventory:

Hand Weapons
 a - a +2 flail of protection
 b - a +0 hunting sling (weapon)
 n - a +2 hand axe of pain
Missiles
 g - 115 stones (quivered ammo)
Armour
 f - a +0 leather armour (worn)
 i - an orb of wrath
 l - a +0 helmet (worn)
Jewellery
 h - a ring of protection from fire (right hand)
 k - a +6 ring of dexterity (left hand)
 m - an amulet of guardian spirit
Wands
 c - a wand of flame (12)
 d - a wand of charming (7)
Scrolls
 j - 2 scrolls of identify
 o - a scroll of teleportation
Miscellaneous
 e - a piece from Xom's chessboard (4/15)


   Skills:
 - Level 5.5 Fighting
 - Level 2.3 Slings
 - Level 1.5 Armour
 - Level 0.7 Dodging
 - Level 0.7 Stealth
 + Level 0.2 Summonings
 - Level 2.4 Evocations


You had 3 spell levels left.
You knew the following spells:

 Your Spells              Type           Power      Damage    Failure   Level
a - Animate Skeleton      Necr           0%         N/A       41%         1
b - Summon Small Mammal   Summ           0%         N/A       38%         1

Your spell library contained the following spells:

 Spells                   Type           Power      Damage    Failure   Level
 Apportation              Tloc           0%         N/A       41%         1
 Frozen Ramparts          Ice            0%         1d2       80%         3
 Summon Ice Beast         Ice/Summ       0%         N/A       99%         4
 Ice Form                 Ice/Tmut       Unusable   N/A       N/A         4

Dungeon Overview and Level Annotations

Branches:
Dungeon (5/15)
 Temple: D:4-7

Altars:

Annotations:
D:4 Sigmund


Innate Abilities, Weirdness & Mutations

You are immune to poison.
Your flesh is cold resistant. (rC+)
You are immune to negative energy. (rN+++)
You are immune to unholy pain and torment.
You are vulnerable to heat. (rF-)
You do not drink.


Message History

You shoot a stone. The stone hits the orc.
The orc is moderately wounded.
You shoot a stone. The stone closely misses the orc.
The stone hits the orc priest.
The orc priest is moderately wounded.
You shoot a stone. The stone barely misses the orc.
The orc priest looks encouraged for a moment.
You shoot a stone. The stone closely misses the orc.
The stone hits the hound skeleton.
The hound skeleton is moderately damaged.
You hear some strange, mumbled words.
A magic dart appears from out of thin air!
The magic dart hits you.
There is a stone staircase leading up here.
The hound skeleton bites you.
The orc priest looks satisfied for a moment.
The hound skeleton misses you.
You climb upwards.
Level annotation: Sigmund Reactivating autopickup.
The orc hits you but does no damage. The orc barely misses you.
The orc closely misses you.
The orc hits you with a +2 war axe of distortion!
Space warps horribly around you!
Sigmund gestures wildly while chanting.
Sigmund flickers and vanishes!
Deactivating autopickup; reactivate with Ctrl-A.
There is a stone staircase leading down here.
Unknown command.
Unknown command.
Unknown command.
The orc hits you with a +2 war axe of distortion!
Space warps horribly around you!
* * * LOW HITPOINT WARNING * * *
Something hits you.
* * * LOW HITPOINT WARNING * * *
There is an escape hatch in the floor here.
The orc closely misses you.
The orc hits you with a +2 war axe of distortion!
You die...

..............# .
o... ...........?..#
.#......
..............## ...
... ...............#
....
...###.....>...#.....
.. .................
..##.....#........
........oo#.....#.
........@#######
.#.......# ##.....##
##...## ####


You could see 2 orcs.

Vanquished Creatures
  A hound (D:4)
  An orc priest (D:4)
  A centaur skeleton (D:4)
  Jessica (D:2)
  Natasha (D:2)
  A hound skeleton (D:4)
  2 gnolls (D:3)
  7 adders
  An ufetubus (D:4)
  A worm (D:2)
  A dart slug (D:3)
  7 orcs
  9 bats
  2 endoplasms
  2 giant cockroaches (D:1)
  7 goblins
  9 hobgoblins
  2 jackals (D:2)
  6 kobolds
  2 quokkas
  6 ball pythons
  2 frilled lizards (D:1)
  7 rats
79 creatures vanquished.

Vanquished Creatures (collateral kills)
  A gnoll (D:3)
  2 jackals (D:2)
  A ball python (D:2)
  A bat (D:2)
5 creatures vanquished.

Grand Total: 84 creatures vanquished

Notes
Turn   | Place    | Note
-------+----------+-------------------------------------------
     0 | D:1      | spaghetti the Mummy Artificer began the quest for the Orb.
     0 | D:1      | Reached XP level 1. HP: 15/15 MP: 1/1
   486 | D:2      | Reached skill level 2 in Fighting
   486 | D:2      | Reached XP level 2. HP: 3/23 MP: 2/2
   878 | D:2      | Noticed Jessica
   938 | D:2      | Killed Jessica
   939 | D:2      | Reached skill level 3 in Fighting
   939 | D:2      | Reached XP level 3. HP: 4/29 MP: 3/3
  1807 | D:2      | Reached XP level 4. HP: 37/37 MP: 4/4
  1846 | D:1      | Reached skill level 4 in Fighting
  2511 | D:1      | Found a faded altar of an unknown god.
  3636 | D:2      | Noticed Natasha
  3647 | D:2      | Killed Natasha
  4031 | D:3      | Reached skill level 1 in Slings
  4031 | D:3      | Reached XP level 5. HP: 37/43 MP: 5/5
  4159 | D:3      | HP: 1/43 [worm (11)]
  5550 | D:3      | Reached skill level 5 in Fighting
  6228 | D:4      | Reached XP level 6. HP: 45/51 MP: 6/6
  6472 | D:4      | Noticed Sigmund
  6530 | D:4      | Learned a level 1 spell: Animate Skeleton
  6532 | D:4      | Learned a level 1 spell: Summon Small Mammal
  6707 | D:5      | Entered Level 5 of the Dungeon
  6951 | D:4      | Slain by an orc

Illustrated notes

Levels and vault maps discovered:
D:1:      dpeg_arrival_prison, layout_basic,
          hellmonk_ecumenical_altar_prayer_group
D:2:      minmay_skewed_foursquare, layout_basic, uniq_natasha, uniq_jessica
D:3:      layout_basic, small_statue_intersection, minmay_misc_feat_encased
D:4:      layout_rooms, vehumet_altar_wand_db, nicolae_overflow_hidden_temple,
          chequers_garden, hangedman_abyss_or_decor_jellyfish_corner,
          uniq_sigmund
D:5:      layout_rooms, minmay_temple_entry_statues, serial_shops, shop,
          minmay_manual_monstrance

Skill      XL: |  1  2  3  4  5 |
---------------+----------------+-----
Fighting       | 2 3 4 5 |  5.5
Slings         | 1 2 |  2.3
Armour         | |  1.5
Dodging        | |  0.7
Stealth        | |  0.7
Summonings     | |  0.2
Evocations     | |  2.4

Action                   |  1- 3 |  4- 6 || total
-------------------------+-------+-------++-------
Melee: Club              |    87 |   258 ||   345
       Punch             |       |     1 ||     1
 Fire: Hunting sling     |     9 |   105 ||   114
Evoke: Wand              |     6 |     5 ||    11
       Piece from Xom's  |     6 |    14 ||    20
  Use: Scroll            |     1 |     3 ||     4
 Stab: Sleeping          |     1 |     1 ||     2
       Petrified         |     4 |       ||     4
       Confused          |     1 |       ||     1
Armor: Leather armour    |    49 |    87 ||   136
Dodge: Dodged            |    94 |   242 ||   336
